cohdb
Replays
Latest Replays
All Replays
Popular Replays
Top Player Replays
Match Explorer
How It Works
Community
CoH3 Stats
Reddit
Sign in to upload your games and track your stats! →
Sign in with Steam
Match 25305249
Unlisted
Match 25305249
Overview
Messages
Build Orders
End
Pioneer Squad
Construct Infanterie Kompanie
Selects Breakthrough Battlegroup
Selects Assault Grenadiers
Grenadier Squad
Grenadier Squad
MG 42 Machine Gun Team
Infanterie Officer Quarters
Grenadier Squad
Construct Luftwaffe Kompanie
Selects Breakthrough
221 Scout Car
Jäger Squad
Selects Mechanized Assault Group
Luftwaffe Officer Quarters
Selects Rapid Production
Selects Blitzkrieg
Support Elements
Wirbelwind Flakpanzer
Marder III M Tank Destroyer
Blitzkrieg
Pioneer Squad
Pioneer Squad
Marder III M Tank Destroyer
Grenadier Squad
Pioneer Squad
Selects Tiger Heavy Tank
Tiger Heavy Tank
221 Scout Car
Blitzkrieg
Construct Panzergrenadier Kompanie
Nebelwerfer 42 Rocket Launcher Team
MG 42 Bunker
Wirbelwind Flakpanzer
Wirbelwind Flakpanzer
Pioneer Squad
Blitzkrieg
Wirbelwind Flakpanzer
Wirbelwind Flakpanzer
Breakthrough
Wirbelwind Flakpanzer
Kettenkrad Recon Vehicle
Pioneer Squad
AndreiM2006
ConcernedApe
0
0
Comments
sign in to comment!
No comments posted yet!